 Dungeon Crawl Stone Soup version 0.30.1-9-gdf580d7c3d (webtiles) character file.

Game seed: 2685978583930733549

1073 Zonian the Magician (level 8, -1/41 HPs)
             Began as a Deep Elf Air Elementalist on Oct 5, 2023.
             Was a Priest of Dithmenos.
             Killed from afar by Dowan (16 damage)
             ... with a shard of ice
             ... on level 5 of the Dungeon.
             The game lasted 00:17:15 (7087 turns).

Zonian the Magician (Deep Elf Air Elementalist)     Turns: 7087, Time: 00:17:16

Health: -1/41      AC:  5    Str: 11    XL:     8   Next: 7%
Magic:  0/18       EV: 13    Int: 23    God:    Dithmenos [***...]
Gold:   304        SH:  0    Dex: 15    Spells: 10/18 levels left

rFire   . . .        e - +1 dagger (venom)
rCold   . . .        (no shield)
rNeg    . . .        z - +0 leather armour
rPois   .            (no helmet)
rElec   .            (no cloak)
rCorr   .            r - +1 pair of gloves
SInv    .            (no boots)
Will    .....        t - amulet of guardian spirit
Stlth   ++++         o - +6 ring of strength
HPRegen 0.26/turn    (no ring)
MPRegen 0.16/turn

%: guardian spirit
@: lethally poisoned (-1 -> -9), wreathed by umbra
A: no striking features
a: Renounce Religion, Shadow Step


You were on level 5 of the Dungeon.
You worshipped Dithmenos.
Dithmenos was most pleased with you.
You visited 1 branch of the dungeon, and saw 5 of its levels.

You collected 304 gold pieces.

Inventory:

Hand Weapons
 c - a +0 dagger of flaming
 e - a +1 dagger of venom (weapon)
 i - a +1 heavy falchion
 j - a +2 dagger of speed
Missiles
 b - 2 throwing nets
 A - 5 curare-tipped darts
Armour
 a - a +0 robe
 r - a +1 pair of gloves (worn)
 z - a +0 leather armour (worn)
Magical Staves
 s - a staff of poison
Jewellery
 o - a +6 ring of strength (left hand)
 t - an amulet of guardian spirit (around neck)
Wands
 w - a wand of flame (27)
Scrolls
 f - 2 scrolls of immolation
 h - 2 scrolls of poison
 n - 2 scrolls of teleportation
Potions
 d - a potion of berserk rage
 k - a potion of curing {unknown}
 l - 2 potions of might
 m - 2 potions of heal wounds
 p - a potion of mutation {unknown}
 q - a potion of invisibility {unknown}
 v - a potion of resistance {unknown}


   Skills:
 + Level 1.9 Short Blades
 + Level 5.3 Dodging
 + Level 5.6 Stealth
 + Level 5.8 Spellcasting
 + Level 4.3 Conjurations
 + Level 2.2 Translocations
 + Level 4.9 Air Magic


You had 10 spell levels left.
You knew the following spells:

 Your Spells              Type           Power      Damage    Failure   Level
a - Shock                 Conj/Air       100%       1d9       1%          1
b - Static Discharge      Conj/Air       56%        2-5/arc   2%          2
c - Swiftness             Air            29%        N/A       4%          3
d - Blink                 Tloc           34%        N/A       7%          2

Your spell library contained the following spells:

 Spells                   Type           Power      Damage    Failure   Level
 Apportation              Tloc           34%        N/A       4%          1
 Momentum Strike          Conj/Tloc      42%        3d9       4%          2
 Lesser Beckoning         Tloc           34%        N/A       7%          2
 Cigotuvi's Dreadful Rot  Necr/Pois/Air  28%        N/A       9%          2
 Necrotise                Necr           24%        1d5       12%         1
 Summon Small Mammal      Summ           24%        N/A       12%         1
 Gell's Gravitas          Tloc           17%        N/A       14%         3
 Teleport Other           Tloc           17%        N/A       14%         3
 Airstrike                Air            14%        2d(3-19)  14%         4
 Portal Projectile        Hex/Tloc       22%        N/A       22%         3
 Tukima's Dance           Hex            6%         N/A       34%         3
 Dispel Undead            Necr           6%         3d8       75%         4
 Blade Hands              Tmut           3%         N/A       97%         5
 Death Channel            Necr           3%         N/A       100%        6
 Dispersal                Tloc           8%         N/A       100%        6


Dungeon Overview and Level Annotations

Branches:
Dungeon (5/15)
 Temple: D:4-7

Altars:
Ashenzari
Cheibriados
Dithmenos
Makhleb
Okawaru
Qazlal
Uskayaw
Wu Jian
Yredelemnul

Annotations:
D:5 Dowan


Message History

Unknown command.
Casting: Static Discharge (safe; 3% risk of failure)
Confirm with . or Enter, or press ? or * to list all spells.
Dowan is struck by an arc of lightning.
Dowan is moderately wounded.
You are struck by an arc of lightning.
Duvessa is struck by an arc of lightning.
You kill Duvessa!
Dithmenos accepts your kill.
Dowan screams, "No!
No!"
Dowan seems to find hidden reserves of power!
The lightning grounds out.
You feel very sick. Dowan casts a spell at you. The stone arrow hits you!
You have reached level 8!
You feel clever.
You feel much better.
You feel very sick. Dowan closely misses you. x2
Casting: Static Discharge (safe; 2% risk of failure)
Confirm with . or Enter, or press ? or * to list all spells.
Dowan is struck by an arc of lightning.
Dowan is heavily wounded.
You are struck by an arc of lightning.
Dowan is struck by an arc of lightning.
Dowan is heavily wounded.
The lightning grounds out.
You feel very sick. Dowan closely misses you.
Casting: Static Discharge (safe; 2% risk of failure)
Confirm with . or Enter, or press ? or * to list all spells.
Dowan is struck by an arc of lightning.
Dowan is severely wounded.
You are struck by an arc of lightning.
Dowan is struck by an arc of lightning.
Dowan is almost dead.
You are struck by an arc of lightning.
The lightning grounds out.
You feel sick. Dowan casts a spell at you. The shard of ice hits you!!
You die...

.####..[...###.#.#
..##......)....# #
#.##[.....#####.#
#.##.##).....#
#.....<......#
####.###...!.# #.#
####### #.# #@#
#e)# ..... #.#.##.
#.#. .# # #. . ##
##


You could see Dowan (fast).

Vanquished Creatures
  Eustachio (D:4)
  A water moccasin (D:4)
  Duvessa (D:5)
  A black bear (D:4)
  2 ogres
  A phantom (D:4)
  Blork the orc (D:4)
  A hound (D:4)
  An iguana (D:5)
  2 orc wizards
  8 gnolls
  3 adders
  An ufetubus (D:4)
  3 worms (D:2)
  3 dart slugs
  9 orcs
  7 endoplasms
  2 giant cockroaches (D:2)
  13 hobgoblins
  4 jackals
  7 kobolds
  7 quokkas
  6 ball pythons
  5 bats
  4 frilled lizards
  7 goblins
  4 rats
105 creatures vanquished.

Notes
Turn   | Place    | Note
-------+----------+-------------------------------------------
     0 | D:1      | Zonian the Deep Elf Air Elementalist began the quest for
                  | the Orb.
     0 | D:1      | Reached XP level 1. HP: 10/10 MP: 6/6
   180 | D:1      | You fall into a shaft and drop 1 floor!
   254 | D:2      | Reached XP level 2. HP: 15/15 MP: 4/8
   595 | D:1      | Found a faded altar of an unknown god.
   617 | D:1      | Prayed at the altar of an unknown god.
   617 | D:1      | Became a worshipper of Dithmenos the Shadowed
   617 | D:1      | Reached * piety under Dithmenos
   880 | D:1      | Reached XP level 3. HP: 19/19 MP: 6/9
  1827 | D:2      | Reached ** piety under Dithmenos
  2202 | D:2      | Learned a level 2 spell: Static Discharge
  2206 | D:2      | Learned a level 3 spell: Swiftness
  2217 | D:2      | Reached XP level 4. HP: 24/24 MP: 9/11
  3538 | D:3      | Found a snail-covered altar of Cheibriados.
  3538 | D:3      | Found a burning altar of Makhleb.
  3538 | D:3      | Found a broken altar of Ashenzari.
  3538 | D:3      | Found an ornate altar of the Wu Jian Council.
  3545 | D:3      | Found a basalt altar of Yredelemnul.
  3550 | D:3      | Found a stormy altar of Qazlal.
  3686 | D:3      | Reached XP level 5. HP: 28/28 MP: 8/13
  3954 | D:4      | Noticed a water moccasin
  4298 | D:4      | Noticed Eustachio
  4477 | D:4      | Killed a water moccasin
  4478 | D:4      | Reached XP level 6. HP: 27/32 MP: 2/14
  4557 | D:4      | Noticed Blork the orc
  5060 | D:4      | Killed Blork the orc
  5061 | D:4      | Reached skill level 5 in Spellcasting
  5280 | D:4      | Learned a level 2 spell: Blink
  5317 | D:4      | Found an iron altar of Okawaru.
  5391 | D:4      | Found a hide-covered altar of Uskayaw.
  5424 | D:4      | Reached XP level 7. HP: 36/36 MP: 10/16
  5437 | D:4      | Reached skill level 5 in Stealth
  5448 | D:4      | Reached *** piety under Dithmenos
  5449 | D:4      | Reached skill level 1 in Translocations
  5538 | D:4      | Reached skill level 1 in Short Blades
  5932 | D:4      | Killed Eustachio
  5933 | D:4      | Reached skill level 5 in Dodging
  6176 | D:5      | Entered Level 5 of the Dungeon
  7075 | D:5      | Noticed Duvessa
  7077 | D:5      | Noticed Dowan
  7084 | D:5      | Killed Duvessa
  7085 | D:5      | Reached XP level 8. HP: 16/41 MP: 7/18
  7087 | D:5      | Killed from afar by Dowan

Illustrated notes

Levels and vault maps discovered:
D:1:      mrwooster_arrival_statue, layout_basic,
          shapermc_ecumenical_altar_pompeii
D:2:      layout_basic, minmay_joined_circles
D:3:      layout_loops_ring, minmay_overflow_temple_hex, nicolae_grassy_gnolls
D:4:      layout_cave_pools, kennysheep_mini_moat, okawaru_trees_2,
          uniq_blork_the_orc, uniq_eustachio
D:5:      layout_loops_cross, kennysheep_mini, uniq_duvessa

Skill      XL: |  1  2  3  4  5  6  7 |
---------------+----------------------+-----
Stealth        | 3 4 5 |  5.6
Dodging        | 3 4 5 |  5.3
Conjurations   | 2 3 4 |  4.3
Spellcasting   | 4 5 |  5.8
Air Magic      | 4 |  4.9
Translocations | 2 |  2.2
Short Blades   | 1 |  1.9

Action                     |  1- 3 |  4- 6 |  7- 9 || total
---------------------------+-------+-------+-------++-------
  Melee: Dagger            |    11 |    31 |    49 ||    91
         Punch             |       |       |     1 ||     1
  Throw: Dart              |       |     5 |     5 ||    10
   Cast: Shock             |   108 |    66 |    44 ||   218
         Static Discharge  |       |    11 |    11 ||    22
  Evoke: Wand              |       |       |     3 ||     3
    Use: Scroll            |     8 |     3 |     4 ||    15
         Potion            |       |     1 |     1 ||     2
   Stab: Sleeping          |     1 |       |     1 ||     2
 Armour: Robe              |     5 |     6 |    10 ||    21
         Leather armour    |       |       |     1 ||     1
  Dodge: Dodged            |    19 |    31 |    49 ||    99
